Icehogs vs Monsters
(R1)
Created - November 2, 2022 at 19:06
Goals
|
Icehogs |
1 |
1 |
2 |
4 |
Monsters |
2 |
0 |
0 |
2 |
|
Shots
|
Icehogs |
7 |
16 |
12 |
35 |
Monsters |
13 |
16 |
6 |
35 |
|
1st period
1. Icehogs , Tanner Richard 2 (Mikhail Grigorenko 1) at 6:47 (SH)
2. Monsters , Zac Dalpe 3 (Aaron Ness 1) at 7:55
3. Monsters , Maxime Comtois 1 (Zac Dalpe 1, Luca Sbisa 2) at 15:40
Penalties :
Richard Nejezchleb (Cle) for Interference (Minor) at 2:19, Calle Andersson (Roc) for Hooking (Minor) at 5:13, Nick Mattson (Roc) for Boarding (Minor) at 10:26, Luca Sbisa (Cle) for Diving (Minor) at 19:38
2nd period
4. Icehogs , Mikhail Grigorenko 1 (Tanner Richard 1) at 5:58
Penalties :
Zac Dalpe (Cle) for Interference (Minor) at 1:49, Mikhail Grigorenko (Roc) for Slashing (Minor) at 15:25
3rd period
5. Icehogs , Kurtis Gabriel 1 (Myles Bell 1, Patrick Sieloff 1) at 16:43
6. Icehogs , Frederik Gauthier 1 (Patrick Sieloff 2, Mike Amadio 3) at 19:00
Penalties :
Mike Reilly (Roc) for Tripping (Minor) at 10:03, Robert Thomas (Cle) for Hooking (Minor) at 19:25, Aaron Ness (Cle) for Holding (Minor) at 19:48
Goalie Stats
Mark Visentin (Roc), 33 saves from 35 shots - (0.943), W, 1-1-0, 60:00 minutes
Eric Comrie (Cle), 31 saves from 35 shots - (0.886), L, 1-1-0, 60:00 minutes
Players Stats for Icehogs
Player Name G A P +/- PIM S H SB GA TA FO MP PP MP PK MP
------------------------------------------------------------------------------------
Andrew Mangiapane 0 0 0 0 0 6 0 1 1 0 0/0 23:43 3:45 4:23
Andrew Poturalski 0 0 0 0 0 0 0 0 0 0 0/0 0:00 0:00 0:00
Calle Andersson 0 0 0 0 2 0 0 1 0 0 0/0 10:07 0:00 1:42
Curtis Lazar 0 0 0 1 0 0 0 0 3 0 0/1 17:34 2:39 1:58
Dillon Dube 0 0 0 1 0 1 1 0 0 0 2/3 6:35 0:00 0:00
Duncan Siemens 0 0 0 0 0 0 0 0 1 0 0/0 9:41 0:00 0:24
Frederik Gauthier 1 0 1 0 0 4 1 1 0 1 20/36 24:01 3:48 4:34
Jeremy Davies 0 0 0 0 0 0 0 0 0 0 0/0 4:42 0:00 0:43
Julius Honka 0 0 0 2 0 0 1 2 0 1 0/0 20:31 2:33 2:59
Kevin Fiala 0 0 0 -1 0 1 1 0 0 0 1/2 10:30 0:04 0:00
Kurtis Gabriel 1 0 1 1 0 4 0 0 0 0 0/0 6:35 0:00 0:00
Mattias Janmark 0 0 0 -1 0 0 0 0 1 1 0/0 11:40 0:07 0:35
Michael Chaput 0 0 0 -1 0 1 0 0 0 1 3/7 10:36 0:07 0:00
Mike Amadio 0 1 1 0 0 5 2 0 3 0 1/1 19:23 3:48 0:00
Mike Reilly 0 0 0 0 2 1 6 3 0 3 0/0 26:05 3:58 3:27
Mikhail Grigorenko 1 1 2 2 2 2 1 0 0 0 0/3 16:52 2:39 1:53
Myles Bell 0 1 1 1 0 4 1 0 0 0 1/1 6:35 0:00 0:00
Nick Mattson 0 0 0 0 2 0 2 4 0 1 0/0 25:48 3:58 3:38
Nick Paul 0 0 0 0 0 0 0 0 0 0 0/0 0:00 0:00 0:00
Nikita Scherbak 0 0 0 0 0 0 0 0 0 0 0/0 0:00 0:00 0:00
Patrick Russell 0 0 0 0 0 0 0 0 0 0 0/0 0:00 0:00 0:00
Patrick Sieloff 0 2 2 2 0 1 1 0 0 1 0/0 20:31 2:33 2:59
Ross Johnston 0 0 0 0 0 0 0 0 0 0 0/0 0:00 0:00 0:00
Tanner Richard 1 1 2 2 0 5 2 0 0 0 6/14 17:23 2:36 2:29
Zach Whitecloud 0 0 0 0 0 0 0 0 0 0 0/0 3:08 0:00 0:00
Players Stats for Monsters
Player Name G A P +/- PIM S H SB GA TA FO MP PP MP PK MP
------------------------------------------------------------------------------------
Aaron Ness 0 1 1 0 2 4 2 1 0 1 0/0 28:29 4:44 3:41
Austin Watson 0 0 0 -2 0 5 1 0 0 0 0/2 18:19 3:37 1:36
Carl Grundstrom 0 0 0 0 0 1 0 1 1 0 0/1 19:22 4:06 0:00
Cody Glass 0 0 0 -2 0 0 2 0 0 1 1/1 12:55 0:16 0:00
Dillon Heatherington 0 0 0 -1 0 0 2 0 0 1 0/0 19:16 3:12 2:38
Gerald Mayhew 0 0 0 0 0 1 1 0 0 0 0/0 7:15 0:00 0:00
Henri Jokiharju 0 0 0 -1 0 0 0 0 0 0 0/0 12:03 0:00 0:00
Jared Knight 0 0 0 0 0 2 1 0 0 0 3/5 13:12 0:00 3:29
Joakim Nordstrom 0 0 0 0 0 3 0 0 0 1 0/0 8:42 0:00 1:15
Luca Sbisa 0 1 1 0 2 3 1 1 0 2 0/0 27:43 4:44 2:56
Marc Michaelis 0 0 0 0 0 1 2 0 2 0 0/0 15:25 3:37 1:36
Matt Grzelcyk 0 0 0 -1 0 2 0 0 1 0 0/0 19:16 3:12 2:38
Maxime Comtois 1 0 1 0 0 1 1 0 0 0 2/2 19:19 4:03 0:00
Richard Nejezchleb 0 0 0 0 2 0 2 0 1 0 0/1 11:06 0:00 1:03
Robert Thomas 0 0 0 -2 2 6 3 0 0 0 7/11 17:28 3:37 1:07
Ryan Fitzgerald 0 0 0 0 0 2 0 0 0 0 3/5 7:29 0:13 0:00
Victor Mete 0 0 0 -1 0 1 1 1 2 3 0/0 13:16 0:00 1:08
Zac Dalpe 1 1 2 0 2 3 3 1 2 0 18/40 22:38 4:19 2:45
3 Stars
1 - Tanner Richard (Roc)
2 - Mikhail Grigorenko (Roc)
3 - Patrick Sieloff (Roc)
Power Play
Icehogs - 0 on 5 Attempt(s) - 0.00%
Monsters - 0 on 4 Attempt(s) - 0.00%
Penalty Kill
Icehogs - 4 on 4 Attempt(s) - 100.00%
- Score 1 goal in Penalty Kill
Monsters - 5 on 5 Attempt(s) - 100.00%
- Score 0 goal in Penalty Kill
Team Stat
Icehogs - Hits : 19 - Faceoff Wins : 34 - Blocked Shots : 12 - Penalty Minutes : 8
Monsters - Hits : 22 - Faceoff Wins : 34 - Blocked Shots : 5 - Penalty Minutes : 10
Official
Referees : Marc Joannette and Reid Anderson
Linesman : Shandor Alphonso and Devin Berg
Game Notes
No Game Note
Finance
Level 1 -- Attendance: 2000 (100.00%) -- Ticket Income $70,000
Level 2 -- Attendance: 943 (94.30%) -- Ticket Income $14,145
Total Attendance: 2943 (98.10%)
Total Ticket Income: $84,145
Other Income: $4,207
Total Income: $88,352
Icehogs
5 vs 5 Forward
Center Left Wing Right Wing Time % Phy DF OF
1 Frederik Gauthier Andrew Mangiapane Mike Amadio 40 1 2 2
2 Tanner Richard Mikhail Grigorenko Curtis Lazar 30 1 2 2
3 Michael Chaput Mattias Janmark Kevin Fiala 20 1 2 2
4 Dillon Dube Myles Bell Kurtis Gabriel 10 1 2 2
5 vs 5 Defense
Defense Defense Time % Phy DF OF
1 Nick Mattson Mike Reilly 40 1 2 2
2 Julius Honka Patrick Sieloff 30 1 2 2
3 Duncan Siemens Calle Andersson 20 1 2 2
4 Jeremy Davies Zach Whitecloud 10 1 2 2
PowerPlay Forward
Center Left Wing Right Wing Time % Phy DF OF
1 Frederik Gauthier Andrew Mangiapane Mike Amadio 60 1 2 2
2 Tanner Richard Mikhail Grigorenko Curtis Lazar 40 1 2 2
PowerPlay Defense
Defense Defense Time % Phy DF OF
1 Nick Mattson Mike Reilly 60 1 2 2
2 Julius Honka Patrick Sieloff 40 1 2 2
Penalty Kill 4 Players Forward
Center Wing Time % Phy DF OF
1 Frederik Gauthier Andrew Mangiapane 60 1 2 2
2 Tanner Richard Mikhail Grigorenko 40 1 2 2
Penalty Kill 4 Players Defense
Defense Defense Time % Phy DF OF
1 Nick Mattson Mike Reilly 60 1 2 2
2 Julius Honka Patrick Sieloff 40 1 2 2
Penalty Kill - 3 Players Forward
Forward Time % Phy DF OF
1 Frederik Gauthier 60 1 2 2
2 Tanner Richard 40 1 2 2
Penalty Kill - 3 Players Defense
Defense Defense Time % Phy DF OF
1 Nick Mattson Mike Reilly 60 1 2 2
2 Julius Honka Patrick Sieloff 40 1 2 2
4 vs 4 Forward
Center Wing Time % Phy DF OF
1 Frederik Gauthier Andrew Mangiapane 60 1 2 2
2 Tanner Richard Mikhail Grigorenko 40 1 2 2
4 vs 4 Defense
Defense Defense Time % Phy DF OF
1 Nick Mattson Mike Reilly 60 1 2 2
2 Julius Honka Patrick Sieloff 40 1 2 2
Last Minutes Offensive
Center Left Wing Right Wing Defense Defense
Frederik Gauthier Andrew Mangiapane Mike Amadio Nick Mattson Mike Reilly
Last Minutes Defensive
Center Left Wing Right Wing Defense Defense
Frederik Gauthier Andrew Mangiapane Mike Amadio Nick Mattson Mike Reilly
Goaltenders
Starting : Mark Visentin
Backup : Mackenzie Blackwood
Extra Forwards
Normal : Curtis Lazar, Mikhail Grigorenko, Michael Chaput - PP : Curtis Lazar, Mikhail Grigorenko - PK : Curtis Lazar
Extra Defensemen
Normal : Calle Andersson, Jeremy Davies, Zach Whitecloud - PP : Calle Andersson - PK : Calle Andersson, Jeremy Davies
Penalty Shots
Mike Amadio, Frederik Gauthier, Tanner Richard, Andrew Mangiapane, Curtis Lazar
Scratches
Clark Bishop (Healthy), Kristian Reichel (Healthy), JJ. Piccinich (Healthy), Jackson Cates (Healthy), Mitchell Chaffee (Healthy)
Michael Giugovaz (Healthy), Jack LaFontaine (Healthy)
Monsters
5 vs 5 Forward
Center Left Wing Right Wing Time % Phy DF OF
1 Zac Dalpe Maxime Comtois Carl Grundstrom 40 1 2 2
2 Robert Thomas Cody Glass Austin Watson 30 1 2 2
3 Jared Knight Marc Michaelis Richard Nejezchleb 20 1 2 2
4 Ryan Fitzgerald Joakim Nordstrom Gerald Mayhew 10 1 2 2
5 vs 5 Defense
Defense Defense Time % Phy DF OF
1 Aaron Ness Luca Sbisa 40 1 2 2
2 Dillon Heatherington Matt Grzelcyk 30 1 2 2
3 Henri Jokiharju Victor Mete 20 1 2 2
4 Aaron Ness Luca Sbisa 10 1 2 2
PowerPlay Forward
Center Left Wing Right Wing Time % Phy DF OF
1 Zac Dalpe Maxime Comtois Carl Grundstrom 60 1 2 2
2 Robert Thomas Marc Michaelis Austin Watson 40 1 2 2
PowerPlay Defense
Defense Defense Time % Phy DF OF
1 Aaron Ness Luca Sbisa 60 1 2 2
2 Dillon Heatherington Matt Grzelcyk 40 1 2 2
Penalty Kill 4 Players Forward
Center Wing Time % Phy DF OF
1 Zac Dalpe Jared Knight 60 1 2 2
2 Austin Watson Marc Michaelis 40 1 2 2
Penalty Kill 4 Players Defense
Defense Defense Time % Phy DF OF
1 Aaron Ness Luca Sbisa 60 1 2 2
2 Dillon Heatherington Matt Grzelcyk 40 1 2 2
Penalty Kill - 3 Players Forward
Forward Time % Phy DF OF
1 Zac Dalpe 60 1 2 2
2 Jared Knight 40 1 2 2
Penalty Kill - 3 Players Defense
Defense Defense Time % Phy DF OF
1 Aaron Ness Luca Sbisa 60 1 2 2
2 Dillon Heatherington Matt Grzelcyk 40 1 2 2
4 vs 4 Forward
Center Wing Time % Phy DF OF
1 Zac Dalpe Jared Knight 60 1 2 2
2 Austin Watson Marc Michaelis 40 1 2 2
4 vs 4 Defense
Defense Defense Time % Phy DF OF
1 Aaron Ness Luca Sbisa 60 1 2 2
2 Dillon Heatherington Matt Grzelcyk 40 1 2 2
Last Minutes Offensive
Center Left Wing Right Wing Defense Defense
Zac Dalpe Marc Michaelis Austin Watson Aaron Ness Luca Sbisa
Last Minutes Defensive
Center Left Wing Right Wing Defense Defense
Zac Dalpe Marc Michaelis Austin Watson Aaron Ness Luca Sbisa
Goaltenders
Starting : Eric Comrie
Backup : Maxime Lagace
Extra Forwards
Normal : Cody Glass, Ryan Fitzgerald, Richard Nejezchleb - PP : Cody Glass, Ryan Fitzgerald - PK : Richard Nejezchleb
Extra Defensemen
Normal : Henri Jokiharju, Victor Mete, Dillon Heatherington - PP : Henri Jokiharju - PK : Victor Mete, Dillon Heatherington
Penalty Shots
Zac Dalpe, Jared Knight, Austin Watson, Marc Michaelis, Ryan Fitzgerald
Scratches
Alex Schoenborn (Healthy), Cameron Hughes (Healthy), Francis Perron (Healthy), Jesse Graham (Healthy), Maxim Mamin (Healthy)
Zachary Senyshyn (Healthy), Nathan Noel (Healthy), Tarmo Reunanen (Healthy), Peyton Jones (Healthy)
% Time on Ice - Icehogs
Lines # - Real PCT - Wanted PCT - Time Play
Normal Forward
1 - 36% - 40% - 16:32
2 - 27% - 30% - 12:21
3 - 22% - 20% - 10:05
4 - 14% - 10% - 6:35
Normal Defense
1 - 42% - 40% - 19:00
2 - 33% - 30% - 14:59
3 - 19% - 20% - 8:26
4 - 7% - 10% - 3:08
PP Forward
1 - 59% - 60% - 3:52
2 - 41% - 40% - 2:39
PP Defense
1 - 61% - 60% - 3:58
2 - 39% - 40% - 2:33
PK Forward
1 - 69% - 60% - 5:27
2 - 31% - 40% - 2:29
PK Defense
1 - 62% - 60% - 4:57
2 - 38% - 40% - 2:59
PK3 Forward
1 - 0% - 60%
2 - 0% - 40%
PK3 Defense
1 - 0% - 60%
2 - 0% - 40%
44 Forward
1 - 0% - 60%
2 - 0% - 40%
44 Defense
1 - 0% - 60%
2 - 0% - 40%
Last Minute Offensive - 0:00
Last Minute Defensive - 0:00
Total
Forward - 60:00
Defense - 60:00
|
% Time on Ice - Monsters
Lines # - Real PCT - Wanted PCT - Time Play
Normal Forward
1 - 34% - 40% - 15:35
2 - 29% - 30% - 13:06
3 - 21% - 20% - 9:37
4 - 16% - 10% - 7:15
Normal Defense
1 - 41% - 40% - 18:39
2 - 29% - 30% - 13:26
3 - 26% - 20% - 12:03
4 - 3% - 10% - 1:25
PP Forward
1 - 54% - 60% - 4:19
2 - 46% - 40% - 3:37
PP Defense
1 - 60% - 60% - 4:44
2 - 40% - 40% - 3:12
PK Forward
1 - 75% - 60% - 4:44
2 - 25% - 40% - 1:36
PK Defense
1 - 58% - 60% - 3:42
2 - 42% - 40% - 2:38
PK3 Forward
1 - 100% - 60% - 0:11
2 - 0% - 40% - 0:00
PK3 Defense
1 - 100% - 60% - 0:11
2 - 0% - 40% - 0:00
44 Forward
1 - 0% - 60%
2 - 0% - 40%
44 Defense
1 - 0% - 60%
2 - 0% - 40%
Last Minute Offensive - 0:00
Last Minute Defensive - 0:00
Total
Forward - 60:00
Defense - 60:00
|
Play-by-Play
1st period
0:01 of 1st period - Frederik Gauthier wins face-off versus Zac Dalpe in neutral zone.
0:08 of 1st period - Slapshot by Mike Amadio.
0:08 of 1st period - Shot Misses the Net.
0:10 of 1st period - Snap shot by Andrew Mangiapane.
0:10 of 1st period - Stopped by Eric Comrie without a rebound.
0:11 of 1st period - Robert Thomas wins face-off versus Mikhail Grigorenko in Monsters zone.
1:00 of 1st period - Carl Grundstrom is hit by Mike Amadio and loses puck.
1:57 of 1st period - Off-side.
1:58 of 1st period - Michael Chaput wins face-off versus Jared Knight in neutral zone.
2:19 of 1st period - Minor Penalty to Richard Nejezchleb for Interference.
2:20 of 1st period - Frederik Gauthier wins face-off versus Zac Dalpe in Monsters zone.
3:35 of 1st period - Mikhail Grigorenko is hit by Marc Michaelis and loses puck.
3:52 of 1st period - Slapshot by Robert Thomas.
3:52 of 1st period - Stopped by Mark Visentin with a rebound.
4:04 of 1st period - Nick Mattson is hit by Dillon Heatherington and loses puck.
4:19 of 1st period - Penalty to Richard Nejezchleb is over, Richard Nejezchleb is back on ice.
4:39 of 1st period - Snap shot by Austin Watson.
4:39 of 1st period - Stopped by Mark Visentin without a rebound.
4:40 of 1st period - Zac Dalpe wins face-off versus Dillon Dube in Icehogs zone.
4:41 of 1st period - Snap shot by Victor Mete.
4:41 of 1st period - Shot Blocked by Calle Andersson.
4:46 of 1st period - Off-side.
4:47 of 1st period - Dillon Dube wins face-off versus Zac Dalpe in neutral zone.
5:13 of 1st period - Minor Penalty to Calle Andersson for Hooking.
5:14 of 1st period - Frederik Gauthier wins face-off versus Zac Dalpe in Icehogs zone.
6:04 of 1st period - Carl Grundstrom is hit by Patrick Sieloff and loses puck.
6:23 of 1st period - Icing by Marc Michaelis.
6:24 of 1st period - Frederik Gauthier wins face-off versus Austin Watson in Monsters zone.
6:25 of 1st period - Slapshot by Curtis Lazar.
6:25 of 1st period - Shot Misses the Net.
6:47 of 1st period - Snap shot by Tanner Richard.
6:47 of 1st period - Goal by Tanner Richard - Icehogs : 1 - Monsters : 0.
6:48 of 1st period - Frederik Gauthier wins face-off versus Zac Dalpe in neutral zone.
7:13 of 1st period - Penalty to Calle Andersson is over, Calle Andersson is back on ice.
7:32 of 1st period - Icing by Kevin Fiala.
7:33 of 1st period - Ryan Fitzgerald wins face-off versus Michael Chaput in Icehogs zone.
7:44 of 1st period - Joakim Nordstrom is hit by Mike Reilly.
7:51 of 1st period - Icing by Mike Reilly.
7:52 of 1st period - Zac Dalpe wins face-off versus Kevin Fiala in Icehogs zone.
7:55 of 1st period - Wrist shot by Zac Dalpe.
7:55 of 1st period - Goal by Zac Dalpe - Icehogs : 1 - Monsters : 1.
7:56 of 1st period - Frederik Gauthier wins face-off versus Carl Grundstrom in neutral zone.
8:30 of 1st period - Austin Watson is hit by Nick Mattson.
8:50 of 1st period - Snap shot by Marc Michaelis.
8:50 of 1st period - Deflect By Mike Reilly.
8:50 of 1st period - Shot Blocked by Nick Mattson.
8:50 of 1st period - Puck is out of play.
8:51 of 1st period - Zac Dalpe wins face-off versus Frederik Gauthier in Icehogs zone.
8:58 of 1st period - Wrist shot by Carl Grundstrom.
8:58 of 1st period - Shot Misses the Net.
9:04 of 1st period - Snap shot by Andrew Mangiapane.
9:04 of 1st period - Stopped by Eric Comrie without a rebound.
9:05 of 1st period - Zac Dalpe wins face-off versus Frederik Gauthier in Monsters zone.
10:26 of 1st period - Minor Penalty to Nick Mattson for Boarding.
10:27 of 1st period - Frederik Gauthier wins face-off versus Zac Dalpe in Icehogs zone.
12:07 of 1st period - Aaron Ness is hit by Mike Reilly.
12:15 of 1st period - Icing by Luca Sbisa.
12:16 of 1st period - Robert Thomas wins face-off versus Frederik Gauthier in Monsters zone.
12:26 of 1st period - Penalty to Nick Mattson is over, Nick Mattson is back on ice.
12:42 of 1st period - Snap shot by Joakim Nordstrom.
12:42 of 1st period - Stopped by Mark Visentin with a rebound.
13:14 of 1st period - Snap shot by Zac Dalpe.
13:14 of 1st period - Stopped by Mark Visentin without a rebound.
13:15 of 1st period - Dillon Dube wins face-off versus Zac Dalpe in Icehogs zone.
14:05 of 1st period - Snap shot by Joakim Nordstrom.
14:05 of 1st period - Stopped by Mark Visentin with a rebound.
14:07 of 1st period - Slapshot by Matt Grzelcyk.
14:07 of 1st period - Deflect By Curtis Lazar.
14:07 of 1st period - Stopped by Mark Visentin with a rebound.
14:09 of 1st period - Slapshot by Matt Grzelcyk.
14:09 of 1st period - Shot Misses the Net.
14:11 of 1st period - Wrist shot by Ryan Fitzgerald.
14:11 of 1st period - Stopped by Mark Visentin with a rebound.
14:25 of 1st period - Patrick Sieloff is hit by Richard Nejezchleb.
14:36 of 1st period - Kevin Fiala is hit by Zac Dalpe and loses puck.
15:01 of 1st period - Wrist shot by Andrew Mangiapane.
15:01 of 1st period - Deflect By Mike Amadio.
15:01 of 1st period - Stopped by Eric Comrie with a rebound.
15:27 of 1st period - Snap shot by Mikhail Grigorenko.
15:27 of 1st period - Deflect By Curtis Lazar.
15:27 of 1st period - Shot Misses the Net.
15:27 of 1st period - Puck is out of play.
15:28 of 1st period - Zac Dalpe wins face-off versus Frederik Gauthier in Monsters zone.
15:28 of 1st period - Zac Dalpe is hit by Mike Reilly.
15:40 of 1st period - Snap shot by Maxime Comtois.
15:40 of 1st period - Goal by Maxime Comtois - Icehogs : 1 - Monsters : 2.
15:41 of 1st period - Frederik Gauthier wins face-off versus Zac Dalpe in neutral zone.
15:44 of 1st period - Maxime Comtois is hit by Frederik Gauthier and loses puck.
16:32 of 1st period - Slapshot by Luca Sbisa.
16:32 of 1st period - Stopped by Mark Visentin with a rebound.
16:34 of 1st period - Snap shot by Jared Knight.
16:34 of 1st period - Stopped by Mark Visentin with a rebound.
17:32 of 1st period - Snap shot by Marc Michaelis.
17:32 of 1st period - Stopped by Mark Visentin without a rebound.
17:33 of 1st period - Jared Knight wins face-off versus Tanner Richard in Icehogs zone.
18:35 of 1st period - Slapshot by Andrew Mangiapane.
18:35 of 1st period - Stopped by Eric Comrie without a rebound.
18:36 of 1st period - Tanner Richard wins face-off versus Robert Thomas in Monsters zone.
19:08 of 1st period - Wrist shot by Austin Watson.
19:08 of 1st period - Shot Blocked by Mike Reilly.
19:10 of 1st period - Slapshot by Luca Sbisa.
19:10 of 1st period - Shot Misses the Net.
19:12 of 1st period - Snap shot by Austin Watson.
19:12 of 1st period - Stopped by Mark Visentin with a rebound.
19:14 of 1st period - Slapshot by Luca Sbisa.
19:14 of 1st period - Deflect By Austin Watson.
19:14 of 1st period - Shot Blocked by Nick Mattson.
19:14 of 1st period - Puck is out of play.
19:15 of 1st period - Frederik Gauthier wins face-off versus Zac Dalpe in Icehogs zone.
19:26 of 1st period - Snap shot by Frederik Gauthier.
19:26 of 1st period - Stopped by Eric Comrie with a rebound.
19:28 of 1st period - Snap shot by Andrew Mangiapane.
19:28 of 1st period - Shot Blocked by Zac Dalpe.
19:38 of 1st period - Minor Penalty to Luca Sbisa for Diving.
19:39 of 1st period - Frederik Gauthier wins face-off versus Zac Dalpe in Monsters zone.
19:50 of 1st period - Snap shot by Frederik Gauthier.
19:50 of 1st period - Shot Blocked by Aaron Ness.
19:52 of 1st period - Slapshot by Mike Reilly.
19:52 of 1st period - Stopped by Eric Comrie without a rebound.
19:53 of 1st period - Zac Dalpe wins face-off versus Frederik Gauthier in Monsters zone.
Goals for this period are 1 for Icehogs vs 2 for Monsters.
Shots for this period are 7 for Icehogs vs 13 for Monsters.
2nd period
0:01 of 2nd period - Frederik Gauthier wins face-off versus Zac Dalpe in neutral zone.
1:19 of 2nd period - Slapshot by Dillon Heatherington.
1:19 of 2nd period - Shot Misses the Net.
1:38 of 2nd period - Penalty to Luca Sbisa is over, Luca Sbisa is back on ice.
1:49 of 2nd period - Minor Penalty to Zac Dalpe for Interference.
1:50 of 2nd period - Frederik Gauthier wins face-off versus Richard Nejezchleb in Monsters zone.
2:36 of 2nd period - Andrew Mangiapane is hit by Robert Thomas and loses puck.
3:25 of 2nd period - Mike Reilly is hit by Marc Michaelis and loses puck.
3:49 of 2nd period - Penalty to Zac Dalpe is over, Zac Dalpe is back on ice.
3:54 of 2nd period - Snap shot by Jared Knight.
3:54 of 2nd period - Stopped by Mark Visentin without a rebound.
3:55 of 2nd period - Myles Bell wins face-off versus Zac Dalpe in Icehogs zone.
4:00 of 2nd period - Snap shot by Myles Bell.
4:00 of 2nd period - Shot Misses the Net.
4:02 of 2nd period - Snap shot by Kurtis Gabriel.
4:02 of 2nd period - Shot Misses the Net.
4:06 of 2nd period - Snap shot by Myles Bell.
4:06 of 2nd period - Shot Misses the Net.
4:08 of 2nd period - Snap shot by Dillon Dube.
4:08 of 2nd period - Stopped by Eric Comrie without a rebound.
4:09 of 2nd period - Kevin Fiala wins face-off versus Zac Dalpe in Monsters zone.
4:24 of 2nd period - Snap shot by Mattias Janmark.
4:24 of 2nd period - Shot Misses the Net.
4:36 of 2nd period - Robert Thomas is hit by Julius Honka.
4:41 of 2nd period - Off-side.
4:42 of 2nd period - Robert Thomas wins face-off versus Frederik Gauthier in neutral zone.
4:47 of 2nd period - Backhand shot by Robert Thomas.
4:47 of 2nd period - Stopped by Mark Visentin without a rebound.
4:48 of 2nd period - Cody Glass wins face-off versus Frederik Gauthier in Icehogs zone.
4:51 of 2nd period - Wrist shot by Robert Thomas.
4:51 of 2nd period - Stopped by Mark Visentin without a rebound.
4:52 of 2nd period - Frederik Gauthier wins face-off versus Robert Thomas in Icehogs zone.
4:52 of 2nd period - Frederik Gauthier is hit by Cody Glass.
4:57 of 2nd period - Nick Mattson is hit by Luca Sbisa and loses puck.
5:32 of 2nd period - Snap shot by Robert Thomas.
5:32 of 2nd period - Shot Blocked by Mike Reilly.
5:40 of 2nd period - Wrist shot by Robert Thomas.
5:40 of 2nd period - Stopped by Mark Visentin without a rebound.
5:41 of 2nd period - Tanner Richard wins face-off versus Zac Dalpe in Icehogs zone.
5:50 of 2nd period - Snap shot by Mikhail Grigorenko.
5:50 of 2nd period - Stopped by Eric Comrie without a rebound.
5:51 of 2nd period - Tanner Richard wins face-off versus Zac Dalpe in Monsters zone.
5:56 of 2nd period - Wrist shot by Tanner Richard.
5:56 of 2nd period - Stopped by Eric Comrie with a rebound.
5:58 of 2nd period - Snap shot by Mikhail Grigorenko.
5:58 of 2nd period - Goal by Mikhail Grigorenko - Icehogs : 2 - Monsters : 2.
5:59 of 2nd period - Zac Dalpe wins face-off versus Frederik Gauthier in neutral zone.
6:01 of 2nd period - Off-side.
6:02 of 2nd period - Frederik Gauthier wins face-off versus Zac Dalpe in neutral zone.
6:50 of 2nd period - Snap shot by Michael Chaput.
6:50 of 2nd period - Shot Misses the Net.
7:06 of 2nd period - Patrick Sieloff is hit by Zac Dalpe and loses puck.
7:33 of 2nd period - Julius Honka is hit by Victor Mete and loses puck.
8:46 of 2nd period - Off-side.
8:47 of 2nd period - Ryan Fitzgerald wins face-off versus Tanner Richard in neutral zone.
8:52 of 2nd period - Slapshot by Aaron Ness.
8:52 of 2nd period - Stopped by Mark Visentin without a rebound.
8:53 of 2nd period - Ryan Fitzgerald wins face-off versus Tanner Richard in Icehogs zone.
8:56 of 2nd period - Snap shot by Gerald Mayhew.
8:56 of 2nd period - Shot Misses the Net.
9:17 of 2nd period - Luca Sbisa is hit by Mike Reilly.
9:31 of 2nd period - Wrist shot by Mikhail Grigorenko.
9:31 of 2nd period - Shot Misses the Net.
9:49 of 2nd period - Snap shot by Joakim Nordstrom.
9:49 of 2nd period - Stopped by Mark Visentin without a rebound.
9:50 of 2nd period - Frederik Gauthier wins face-off versus Zac Dalpe in Icehogs zone.
10:04 of 2nd period - Julius Honka is hit by Maxime Comtois and loses puck.
10:15 of 2nd period - Kevin Fiala is hit by Cody Glass and loses puck.
10:39 of 2nd period - Snap shot by Myles Bell.
10:39 of 2nd period - Shot Misses the Net.
10:47 of 2nd period - Snap shot by Myles Bell.
10:47 of 2nd period - Stopped by Eric Comrie with a rebound.
11:01 of 2nd period - Snap shot by Mike Amadio.
11:01 of 2nd period - Shot Blocked by Victor Mete.
11:03 of 2nd period - Slapshot by Mike Amadio.
11:03 of 2nd period - Stopped by Eric Comrie without a rebound.
11:04 of 2nd period - Frederik Gauthier wins face-off versus Zac Dalpe in Monsters zone.
11:17 of 2nd period - Wrist shot by Mike Amadio.
11:17 of 2nd period - Stopped by Eric Comrie without a rebound.
11:18 of 2nd period - Zac Dalpe wins face-off versus Tanner Richard in Monsters zone.
11:18 of 2nd period - Zac Dalpe is hit by Tanner Richard.
11:26 of 2nd period - Wrist shot by Tanner Richard.
11:26 of 2nd period - Deflect By Curtis Lazar.
11:26 of 2nd period - Shot Misses the Net.
11:26 of 2nd period - Puck is out of play.
11:27 of 2nd period - Zac Dalpe wins face-off versus Tanner Richard in Monsters zone.
11:27 of 2nd period - Zac Dalpe is hit by Tanner Richard.
11:33 of 2nd period - Wrist shot by Tanner Richard.
11:33 of 2nd period - Stopped by Eric Comrie without a rebound.
11:34 of 2nd period - Zac Dalpe wins face-off versus Frederik Gauthier in Monsters zone.
11:39 of 2nd period - Slapshot by Aaron Ness.
11:39 of 2nd period - Stopped by Mark Visentin with a rebound.
11:41 of 2nd period - Slapshot by Luca Sbisa.
11:41 of 2nd period - Shot Misses the Net.
11:43 of 2nd period - Slapshot by Carl Grundstrom.
11:43 of 2nd period - Stopped by Mark Visentin without a rebound.
11:44 of 2nd period - Mike Amadio wins face-off versus Zac Dalpe in Icehogs zone.
11:49 of 2nd period - Snap shot by Frederik Gauthier.
11:49 of 2nd period - Shot Blocked by Carl Grundstrom.
11:57 of 2nd period - Slapshot by Aaron Ness.
11:57 of 2nd period - Shot Misses the Net.
11:59 of 2nd period - Wrist shot by Maxime Comtois.
11:59 of 2nd period - Shot Blocked by Nick Mattson.
12:01 of 2nd period - Backhand shot by Luca Sbisa.
12:01 of 2nd period - Stopped by Mark Visentin with a rebound.
12:03 of 2nd period - Snap shot by Luca Sbisa.
12:03 of 2nd period - Shot Misses the Net.
12:05 of 2nd period - Slapshot by Zac Dalpe.
12:05 of 2nd period - Stopped by Mark Visentin with a rebound.
12:07 of 2nd period - Slapshot by Luca Sbisa.
12:07 of 2nd period - Shot Misses the Net.
12:09 of 2nd period - Slapshot by Aaron Ness.
12:09 of 2nd period - Stopped by Mark Visentin without a rebound.
12:10 of 2nd period - Robert Thomas wins face-off versus Curtis Lazar in Icehogs zone.
12:11 of 2nd period - Snap shot by Austin Watson.
12:11 of 2nd period - Stopped by Mark Visentin with a rebound.
12:17 of 2nd period - Slapshot by Austin Watson.
12:17 of 2nd period - Stopped by Mark Visentin without a rebound.
12:18 of 2nd period - Robert Thomas wins face-off versus Mikhail Grigorenko in Icehogs zone.
12:19 of 2nd period - Snap shot by Matt Grzelcyk.
12:19 of 2nd period - Deflect By Robert Thomas.
12:19 of 2nd period - Stopped by Mark Visentin with a rebound.
13:13 of 2nd period - Snap shot by Jared Knight.
13:13 of 2nd period - Shot Misses the Net.
13:33 of 2nd period - Snap shot by Kurtis Gabriel.
13:33 of 2nd period - Stopped by Eric Comrie without a rebound.
13:34 of 2nd period - Zac Dalpe wins face-off versus Frederik Gauthier in Monsters zone.
13:41 of 2nd period - Slapshot by Frederik Gauthier.
13:41 of 2nd period - Stopped by Eric Comrie with a rebound.
13:43 of 2nd period - Backhand shot by Andrew Mangiapane.
13:43 of 2nd period - Stopped by Eric Comrie with a rebound.
13:45 of 2nd period - Wrist shot by Frederik Gauthier.
13:45 of 2nd period - Stopped by Eric Comrie with a rebound.
13:47 of 2nd period - Snap shot by Frederik Gauthier.
13:47 of 2nd period - Shot Misses the Net.
14:30 of 2nd period - Victor Mete is hit by Myles Bell and loses puck.
14:49 of 2nd period - Snap shot by Gerald Mayhew.
14:49 of 2nd period - Deflect By Ryan Fitzgerald.
14:49 of 2nd period - Stopped by Mark Visentin without a rebound.
14:50 of 2nd period - Frederik Gauthier wins face-off versus Zac Dalpe in Icehogs zone.
15:25 of 2nd period - Minor Penalty to Mikhail Grigorenko for Slashing.
15:26 of 2nd period - Zac Dalpe wins face-off versus Frederik Gauthier in Icehogs zone.
16:37 of 2nd period - Slapshot by Curtis Lazar.
16:37 of 2nd period - Shot Misses the Net.
16:44 of 2nd period - Icing by Dillon Heatherington.
16:45 of 2nd period - Zac Dalpe wins face-off versus Frederik Gauthier in Monsters zone.
17:25 of 2nd period - Penalty to Mikhail Grigorenko is over, Mikhail Grigorenko is back on ice.
17:34 of 2nd period - Snap shot by Gerald Mayhew.
17:34 of 2nd period - Stopped by Mark Visentin without a rebound.
17:35 of 2nd period - Michael Chaput wins face-off versus Ryan Fitzgerald in Icehogs zone.
17:42 of 2nd period - Wrist shot by Michael Chaput.
17:42 of 2nd period - Stopped by Eric Comrie with a rebound.
17:44 of 2nd period - Slapshot by Michael Chaput.
17:44 of 2nd period - Shot Hit the Post.
17:46 of 2nd period - Slapshot by Kevin Fiala.
17:46 of 2nd period - Stopped by Eric Comrie without a rebound.
17:47 of 2nd period - Zac Dalpe wins face-off versus Tanner Richard in Monsters zone.
18:12 of 2nd period - Andrew Mangiapane is hit by Robert Thomas and loses puck.
18:37 of 2nd period - Slapshot by Matt Grzelcyk.
18:37 of 2nd period - Shot Misses the Net.
18:57 of 2nd period - Slapshot by Tanner Richard.
18:57 of 2nd period - Stopped by Eric Comrie without a rebound.
18:58 of 2nd period - Maxime Comtois wins face-off versus Tanner Richard in Monsters zone.
19:26 of 2nd period - Snap shot by Patrick Sieloff.
19:26 of 2nd period - Stopped by Eric Comrie with a rebound.
19:52 of 2nd period - Luca Sbisa is hit by Kevin Fiala and loses puck.
Goals for this period are 1 for Icehogs vs 0 for Monsters.
Shots for this period are 16 for Icehogs vs 16 for Monsters.
3rd period
0:01 of 3rd period - Maxime Comtois wins face-off versus Frederik Gauthier in neutral zone.
0:10 of 3rd period - Snap shot by Zac Dalpe.
0:10 of 3rd period - Shot Blocked by Andrew Mangiapane.
0:52 of 3rd period - Kevin Fiala is hit by Jared Knight and loses puck.
1:35 of 3rd period - Snap shot by Mike Amadio.
1:35 of 3rd period - Shot Misses the Net.
1:37 of 3rd period - Wrist shot by Andrew Mangiapane.
1:37 of 3rd period - Stopped by Eric Comrie without a rebound.
1:38 of 3rd period - Zac Dalpe wins face-off versus Mikhail Grigorenko in Monsters zone.
1:55 of 3rd period - Aaron Ness is hit by Nick Mattson and loses puck.
2:14 of 3rd period - Snap shot by Robert Thomas.
2:14 of 3rd period - Stopped by Mark Visentin with a rebound.
2:42 of 3rd period - Richard Nejezchleb is hit by Mike Reilly and loses puck.
3:02 of 3rd period - Wrist shot by Myles Bell.
3:02 of 3rd period - Stopped by Eric Comrie with a rebound.
3:12 of 3rd period - Zac Dalpe is hit by Mikhail Grigorenko.
3:22 of 3rd period - Wrist shot by Zac Dalpe.
3:22 of 3rd period - Shot Misses the Net.
3:42 of 3rd period - Slapshot by Victor Mete.
3:42 of 3rd period - Stopped by Mark Visentin with a rebound.
4:47 of 3rd period - Julius Honka is hit by Aaron Ness.
5:18 of 3rd period - Snap shot by Kurtis Gabriel.
5:18 of 3rd period - Shot Misses the Net.
5:20 of 3rd period - Wrist shot by Dillon Dube.
5:20 of 3rd period - Shot Misses the Net.
5:22 of 3rd period - Wrist shot by Kurtis Gabriel.
5:22 of 3rd period - Shot Misses the Net.
5:24 of 3rd period - Snap shot by Myles Bell.
5:24 of 3rd period - Stopped by Eric Comrie without a rebound.
5:25 of 3rd period - Tanner Richard wins face-off versus Zac Dalpe in Monsters zone.
5:50 of 3rd period - Andrew Mangiapane is hit by Austin Watson and loses puck.
5:59 of 3rd period - Wrist shot by Robert Thomas.
5:59 of 3rd period - Shot Misses the Net.
6:01 of 3rd period - Wrist shot by Cody Glass.
6:01 of 3rd period - Shot Blocked by Mike Reilly.
6:11 of 3rd period - Mike Amadio is hit by Gerald Mayhew and loses puck.
6:44 of 3rd period - Wrist shot by Zac Dalpe.
6:44 of 3rd period - Deflect By Maxime Comtois.
6:44 of 3rd period - Shot Blocked by Frederik Gauthier.
6:44 of 3rd period - Puck is out of play.
6:45 of 3rd period - Robert Thomas wins face-off versus Tanner Richard in Icehogs zone.
8:14 of 3rd period - Wrist shot by Kurtis Gabriel.
8:14 of 3rd period - Stopped by Eric Comrie without a rebound.
8:15 of 3rd period - Frederik Gauthier wins face-off versus Robert Thomas in Monsters zone.
8:18 of 3rd period - Wrist shot by Mike Amadio.
8:18 of 3rd period - Stopped by Eric Comrie without a rebound.
8:19 of 3rd period - Frederik Gauthier wins face-off versus Austin Watson in Monsters zone.
9:08 of 3rd period - Snap shot by Matt Grzelcyk.
9:08 of 3rd period - Stopped by Mark Visentin without a rebound.
9:09 of 3rd period - Tanner Richard wins face-off versus Zac Dalpe in Icehogs zone.
9:09 of 3rd period - Curtis Lazar is hit by Zac Dalpe.
9:31 of 3rd period - Slapshot by Tanner Richard.
9:31 of 3rd period - Shot Misses the Net.
9:55 of 3rd period - Slapshot by Luca Sbisa.
9:55 of 3rd period - Shot Blocked by Julius Honka.
9:57 of 3rd period - Snap shot by Maxime Comtois.
9:57 of 3rd period - Shot Blocked by Julius Honka.
9:59 of 3rd period - Slapshot by Aaron Ness.
9:59 of 3rd period - Stopped by Mark Visentin without a rebound.
10:00 of 3rd period - Robert Thomas wins face-off versus Frederik Gauthier in Icehogs zone.
10:01 of 3rd period - Wrist shot by Austin Watson.
10:01 of 3rd period - Shot Blocked by Nick Mattson.
10:03 of 3rd period - Minor Penalty to Mike Reilly for Tripping.
10:04 of 3rd period - Frederik Gauthier wins face-off versus Robert Thomas in Icehogs zone.
10:38 of 3rd period - Calle Andersson is hit by Dillon Heatherington and loses puck.
12:03 of 3rd period - Penalty to Mike Reilly is over, Mike Reilly is back on ice.
12:26 of 3rd period - Slapshot by Jared Knight.
12:26 of 3rd period - Shot Misses the Net.
12:50 of 3rd period - Wrist shot by Kurtis Gabriel.
12:50 of 3rd period - Stopped by Eric Comrie with a rebound.
14:35 of 3rd period - Off-side.
14:36 of 3rd period - Tanner Richard wins face-off versus Ryan Fitzgerald in neutral zone.
14:41 of 3rd period - Snap shot by Tanner Richard.
14:41 of 3rd period - Stopped by Eric Comrie with a rebound.
15:12 of 3rd period - Frederik Gauthier is hit by Aaron Ness and loses puck.
15:34 of 3rd period - Kevin Fiala is hit by Richard Nejezchleb and loses puck.
16:07 of 3rd period - Austin Watson is hit by Mike Reilly.
16:16 of 3rd period - Aaron Ness is hit by Dillon Dube and loses puck.
16:27 of 3rd period - Wrist shot by Myles Bell.
16:27 of 3rd period - Shot Misses the Net.
16:35 of 3rd period - Slapshot by Kurtis Gabriel.
16:35 of 3rd period - Shot Misses the Net.
16:37 of 3rd period - Wrist shot by Myles Bell.
16:37 of 3rd period - Shot Misses the Net.
16:39 of 3rd period - Slapshot by Myles Bell.
16:39 of 3rd period - Stopped by Eric Comrie with a rebound.
16:43 of 3rd period - Snap shot by Kurtis Gabriel.
16:43 of 3rd period - Goal by Kurtis Gabriel - Icehogs : 3 - Monsters : 2.
16:44 of 3rd period - Jared Knight wins face-off versus Michael Chaput in neutral zone.
17:18 of 3rd period - Snap shot by Andrew Mangiapane.
17:18 of 3rd period - Stopped by Eric Comrie without a rebound.
17:19 of 3rd period - Zac Dalpe wins face-off versus Michael Chaput in Monsters zone.
17:29 of 3rd period - Snap shot by Michael Chaput.
17:29 of 3rd period - Deflect By Kevin Fiala.
17:29 of 3rd period - Shot Blocked by Luca Sbisa.
17:29 of 3rd period - Puck is out of play.
17:30 of 3rd period - Michael Chaput wins face-off versus Jared Knight in Monsters zone.
18:22 of 3rd period - Mike Amadio is hit by Robert Thomas and loses puck.
18:27 of 3rd period - Snap shot by Austin Watson.
18:27 of 3rd period - Stopped by Mark Visentin with a rebound.
18:35 of 3rd period - Robert Thomas is hit by Mike Amadio and loses puck.
18:50 of 3rd period - Snap shot by Mike Amadio.
18:50 of 3rd period - Shot Misses the Net.
18:52 of 3rd period - Slapshot by Mike Amadio.
18:52 of 3rd period - Stopped by Eric Comrie with a rebound.
18:56 of 3rd period - Snap shot by Mike Amadio.
18:56 of 3rd period - Shot Misses the Net.
19:00 of 3rd period - Slapshot by Frederik Gauthier.
19:00 of 3rd period - Goal by Frederik Gauthier - Icehogs : 4 - Monsters : 2.
19:01 of 3rd period - Jared Knight wins face-off versus Michael Chaput in neutral zone.
19:06 of 3rd period - Slapshot by Luca Sbisa.
19:06 of 3rd period - Deflect By Mattias Janmark.
19:06 of 3rd period - Stopped by Mark Visentin with a rebound.
19:25 of 3rd period - Minor Penalty to Robert Thomas for Hooking.
19:26 of 3rd period - Zac Dalpe wins face-off versus Frederik Gauthier in Monsters zone.
19:48 of 3rd period - Minor Penalty to Aaron Ness for Holding.
19:49 of 3rd period - Zac Dalpe wins face-off versus Frederik Gauthier in Monsters zone.
Goals for this period are 2 for Icehogs vs 0 for Monsters.
Shots for this period are 12 for Icehogs vs 6 for Monsters.